 Dungeon Crawl Stone Soup version 0.27.1-34-g3ba077fa99 (webtiles) character file.

Game seed: 7932706136756024545

85 Descartes the Ducker (level 4, 0/33 HPs)
             Began as a Djinni Warper on Jan 18, 2022.
             Was a Believer of Cheibriados.
             Slain by an adder (3 damage)
             ... on level 2 of the Dungeon.
             The game lasted 00:03:14 (2137 turns).

Descartes the Ducker (Djinni Warper)                Turns: 2137, Time: 00:03:15

Health: 0/33       AC:  8    Str: 15    XL:     4   Next: 75%
Gold:   97         EV:  7    Int: 19    God:    Cheibriados [**....] SH:  0 Dex: 16

rFire    + + .     SeeInvis .   l - +2 dagger (venom)
rCold    x . .     Faith    .   (no shield)
rNeg     . . .     Spirit   .   m - +0 chain mail
rPois    ∞         Reflect  .   (no helmet)
rElec    .         Harm     .   (no cloak)
rCorr    .         Rampage  .   (no gloves)
Will     .....                  (boots unavailable)
Stlth    ..........             (no amulet)
HPRegen  0.11/turn              (no ring)
MPRegen  0.00/turn              (no ring)

@: flying, very slightly contaminated, very slow
A: sickness immunity, fire resistance 2, cold vulnerability 1, float, innate
caster, hp casting, extra vitality 1
a: Renounce Religion, Bend Time


You were on level 2 of the Dungeon.
You worshipped Cheibriados.
Cheibriados was pleased with you.
You visited 1 branch of the dungeon, and saw 2 of its levels.

You collected 97 gold pieces.

Inventory:

Hand Weapons
 a - a +0 mace
 l - a +2 dagger of venom (weapon)
Missiles
 d - 5 boomerangs of dispersal (quivered)
 f - 13 poisoned darts
 h - 10 stones
 j - 5 atropa-tipped darts
Armour
 b - a +0 leather armour
 k - a +0 ring mail
 m - a +0 chain mail (worn)
Scrolls
 c - a scroll of blinking
 g - a scroll of fog {unknown}
 i - a scroll of teleportation {unknown}
 n - 3 scrolls of enchant armour {unknown}
 o - a scroll of torment {unknown}
Potions
 e - 3 potions of curing {unknown}


   Skills:
 - Level 2.0 Fighting
 - Level 1.5 Maces & Flails
 - Level 0.7 Throwing
 + Level 2.4 Armour
 + Level 3.3 Dodging
 + Level 3.0 Spellcasting


You couldn't memorise any spells.
You knew the following spells:

 Your Spells              Type           Power      Damage    Failure   Level
a - Foxfire               Conj/Fire      56%        2x1d6     67%         1
b - Lesser Beckoning      Tloc           7%         N/A       95%         3
c - Gell's Gravitas       Tloc           7%         N/A       95%         3
d - Teleport Other        Tloc           14%        N/A       95%         3
e - Manifold Assault      Tloc           14%        N/A       100%        5
f - Blink                 Tloc           N/A        N/A       80%         2
Your spell library was empty.

Dungeon Overview and Level Annotations

Branches:
Dungeon (2/15)

Altars:
Cheibriados


Innate Abilities, Weirdness & Mutations

You are immune to sickness and miasma.
You are immune to poison.
Your flesh is very heat resistant. (rF++)
You are vulnerable to cold. (rC-)
You float through the air rather than walking.
You learn spells naturally, not from books.
Your magical power is your life essence.
You have superior vitality. (+4 HP)


Message History

A ball python and an adder come into view.
The ball python hisses angrily.
The adder hisses angrily.
You hear a shout!
An endoplasm comes into view.
Natasha misses you. The white imp hits you. The white imp freezes you.
You feel a terrible chill!
You see here a rat corpse.
You hit Natasha.
Natasha is lightly wounded.
Natasha claws you but does no damage. The white imp hits you.
The white imp freezes you.
You feel a terrible chill!
You hit Natasha.
Natasha is poisoned.
Natasha is moderately wounded.
Natasha claws you. The white imp gestures at you. The puff of frost hits you.
You hit Natasha.
Natasha looks as sick as possible!
Natasha is heavily wounded.
Natasha claws you but does no damage.
The white imp hits you but does no damage.
You completely miss Natasha.
Natasha is severely wounded.
Natasha claws you but does no damage. The white imp gestures at you.
The puff of frost hits you!
You feel a terrible chill!
* * * LOW HITPOINT WARNING * * *
You hit Natasha.
You kill Natasha!
Cheibriados appreciates the change of pace.
Natasha screams in fury as she dies!
The white imp disappears in a puff of smoke!
The ball python closely misses you. The ball python grabs you.
The ball python constricts you.
* * * LOW HITPOINT WARNING * * *
The adder bites you but does no damage.
Your Spellcasting skill increases to level 3!
You escape the ball python's grasp.
The adder barely misses you. The adder bites you but does no damage.
Okay, then.
You miss the adder. The adder bites you.
You die...

#
###################.#
...................
...........#####.#
.########....@SS.#
#........#####J.#
#.#####..# #§†#
..#..# #.†# ###
#.#..# ..§.#
#...#.#†.#..)#..#
#####
#.....#..#.#)#.##
#.... ###...#####.#
#.### #...........#
#.#..


You could see an adder, an endoplasm and a ball python.

Vanquished Creatures
  Natasha (D:2)
  2 adders (D:2)
  2 dart slugs (D:1)
  6 ball pythons
  2 endoplasms
  A giant cockroach (D:1)
  A goblin (D:1)
  2 hobgoblins
  3 jackals (D:1)
  2 kobolds
  4 quokkas
  4 bats
  A frilled lizard (D:2)
  4 rats
35 creatures vanquished.

Vanquished Creatures (others)
  2 plants (D:2)
2 creatures vanquished.

Grand Total: 37 creatures vanquished

Notes
Turn   | Place    | Note
-------+----------+-------------------------------------------
     0 | D:1      | Descartes the Djinni Warper began the quest for the Orb.
     0 | D:1      | Reached XP level 1. HP: 18/18 MP: 0/0
   440 | D:1      | Reached XP level 2. HP: 22/23 MP: 0/0
   631 | D:1      | Found a faded altar of an unknown god.
   844 | D:1      | Became a worshipper of Cheibriados the Contemplative
   844 | D:1      | Reached * piety under Cheibriados
  1197 | D:1      | Reached XP level 3. HP: 25/28 MP: 0/0
  1197 | D:1      | Learned a level 1 spell: Foxfire
  2056 | D:2      | Reached ** piety under Cheibriados
  2064 | D:2      | Reached XP level 4. HP: 33/33 MP: 0/0
  2123 | D:2      | Noticed Natasha
  2133 | D:2      | Killed Natasha
  2137 | D:2      | Slain by an adder

Illustrated notes

Levels and vault maps discovered:
D:1:      ncdulo_halloftheorcs, layout_basic,
          dreamdust_ecumenical_altar_statues, kennysheep_small_spiral,
          feat_on_display
D:2:      cheibrodos_old_hovel, layout_basic, minmay_split_cup_large,
          uniq_natasha

Skill      XL: |  1  2  3  4 |
---------------+-------------+-----
Armour         | 2 |  2.4
Dodging        | 3 |  3.3
Spellcasting   | 3 |  3.0
Fighting       | |  2.0
Maces & Flails | |  1.5
Throwing       | |  0.7

Action                   |  1- 3 |  4- 6 || total
-------------------------+-------+-------++-------
Melee: Mace              |    65 |       ||    65
       Dagger            |    25 |    15 ||    40
Armor: Leather armour    |    15 |       ||    15
       Chain mail        |    22 |    15 ||    37
       Ring mail         |     6 |       ||     6
Dodge: Dodged            |    56 |     7 ||    63
